 Dungeon Crawl Stone Soup version 0.26-a0-1132-ge9770dfcb6 (webtiles) character file.

Game seed: 3438625224604159786

619622 pkoi the Wrestler (level 27, -2/188 HPs)
             Began as a Minotaur Fighter on Dec 18, 2020.
             Was an Elder of Qazlal.
             Splashed by an acid blob's acid (4 damage)
             ... created by the Royal Jelly
             ... on level 4 of the Pits of Slime on Dec 20, 2020.
             The game lasted 01:59:54 (69370 turns).

pkoi the Wrestler (Minotaur Fighter)               Turns: 69370, Time: 01:59:55

Health: -2/188     AC: 25    Str: 32    XL:     27
Magic:  0/33       EV: 17    Int:  3    God:    Qazlal [****..]
Gold:   3911       SH: 32    Dex: 18    Spells: 33/39 levels left

rFire    + + .     SeeInvis .     - Unarmed
rCold    + + +     Faith    .   C - +0 tower shield
rNeg     + + .     Spirit   +   R - +12 gold dragon scales
rPois    +         Reflect  .   D - +2 hat of the Bear Spirit {Spirit, +Rage rN+ Will++}
rElec    .         Harm     .   a - +2 cloak {rCorr}
rCorr    +         Rampage  .   X - +2 pair of gloves
Will     +++++                  p - +0 pair of boots
Stlth    ..........             Q - amulet "Dilih" {Acrobat rF+ Dex+4}
HPRegen  0.00/turn              P - ring "Kuxto" {rC+ rN+ Will+ Dex+2}
MPRegen  0.23/turn              T - +4 ring of slaying

@: protected from cold, corroded, studying Shields, repel missiles
A: retaliatory headbutt, horns 2, blurry vision 1, dopey 1, frail 2, low mp 1,
inhibited regeneration
}: 3/15 runes: decaying, silver, gossamer
a: Renounce Religion, Evoke Berserk Rage, Upheaval, Elemental Force


You were on level 4 of the Pits of Slime.
You worshipped Qazlal.
Qazlal was greatly pleased with you.
You visited 10 branches of the dungeon, and saw 50 of its levels.
You visited the Abyss 1 time.
You visited 1 bazaar.
You also visited: Ossuary, Bailey, Gauntlet and Desolation.

You collected 7310 gold pieces.
You spent 3399 gold pieces at shops.

Inventory:

Missiles
 z - 118 poisoned darts (quivered)
 M - 13 curare-tipped darts
 S - 29 javelins
Armour
 a - a +2 cloak of preservation (worn)
 p - a +0 pair of boots (worn)
 C - a +0 tower shield (worn)
 D - the +2 hat of the Bear Spirit (worn) {Spirit, +Rage rN+ Will++}
   (You bought it in a shop on level 4 of the Vaults)

   It protects you from negative energy.
   It affects your willpower, your defense against some magical effects.
   It lets you go berserk.
 R - +12 gold dragon scales (worn)
 X - a +2 pair of gloves (worn)
Jewellery
 q - an uncursed ring of see invisible
 K - the ring of the Falcon {Ice rPois Int+4}
   (You bought it in a shop in a bazaar)

   [ring of ice]

   It enhances your ice magic.
   It affects your intelligence (+4).
   It makes you vulnerable to fire.
   It protects you from cold.
   It protects you from poison.
 P - the ring "Kuxto" (left hand) {rC+ rN+ Will+ Dex+2}
   (You found it in a Gauntlet)

   [ring of positive energy]

   It affects your dexterity (+2).
   It protects you from cold.
   It protects you from negative energy.
   It affects your willpower, your defense against some magical effects.
 Q - the amulet "Dilih" (around neck) {Acrobat rF+ Dex+4}
   (You found it in a Gauntlet)

   [amulet of the acrobat]

   It helps you evade while moving and waiting.
   It affects your dexterity (+4).
   It protects you from fire.
 T - a +4 ring of slaying (right hand)
Wands
 d - a wand of paralysis (34)
 t - a wand of disintegration (38)
 y - a wand of enslavement (23)
 B - a wand of iceblast (33)
 E - a wand of digging (13)
 G - a wand of polymorph (11)
 L - a wand of acid (52)
Scrolls
 b - 2 scrolls of holy word
 f - 26 scrolls of identify
 g - 26 scrolls of remove curse
 k - 4 scrolls of enchant weapon
 o - 14 scrolls of teleportation
 r - 4 scrolls of magic mapping
 s - 12 scrolls of amnesia
 x - 14 scrolls of fog
 F - 2 scrolls of brand weapon
 N - 2 scrolls of blinking
 O - 4 scrolls of fear
Potions
 c - a potion of might
 e - 4 potions of ambrosia
 i - a potion of berserk rage
 m - a potion of invisibility
 n - 32 potions of curing
 v - 6 potions of flight
 w - 14 potions of heal wounds
 A - 4 potions of resistance
 I - 2 potions of brilliance
 J - 9 potions of haste
 U - a potion of cancellation
Books
 h - a manual of Shields
Miscellaneous
 u - a lightning rod (4/4)
 Z - a phantom mirror


   Skills:
 - Level 17.4 Fighting
 - Level 18.6 Armour
 - Level 17.0 Dodging
 + Level 23.4 Shields
 + Level 25.8 Unarmed Combat
 + Level 6.5 Spellcasting
 - Level 2.1 Hexes
 + Level 9.1 Translocations
 + Level 22.1 Invocations


You had 33 spell levels left.
You knew the following spells:

 Your Spells              Type           Power        Failure   Level
a - Confusing Touch       Hex            2%           99%         3
b - Blink                 Tloc           N/A          14%         2
c - Apportation           Tloc           12%          10%         1

Your spell library contained the following spells:

 Spells                   Type           Power        Failure   Level
 Gell's Gravitas          Tloc           3%           28%         3
 Lesser Beckoning         Tloc           3%           28%         3
 Teleport Other           Tloc           6%           28%         3
 Passage of Golubria      Tloc           N/A          67%         4
 Portal Projectile        Hex/Tloc       8%           75%         3
 Corona                   Hex            2%           85%         1
 Slow                     Hex            2%           94%         2
 Freeze                   Ice            0%           98%         1
 Magic Dart               Conj           0%           98%         1
 Sandblast                Erth           0%           98%         1
 Shock                    Conj/Air       0%           98%         1
 Summon Small Mammal      Summ           0%           98%         1
 Call Imp                 Summ           0%           99%         2
 Passwall                 Tmut/Erth      0%           99%         2
 Searing Ray              Conj           0%           99%         2
 Swiftness                Air            0%           99%         2
 Tukima's Dance           Hex            2%           99%         3
 Iskenderun's Mystic Bla  Conj/Tloc      3%           99%         4
 Call Canine Familiar     Summ           0%           100%        3
 Conjure Flame            Conj/Fire      0%           100%        3
 Dazzling Flash           Conj/Hex       2%           100%        3
 Frozen Ramparts          Ice            0%           100%        3
 Ignite Poison            Fire/Tmut/Pois 0%           100%        3
 Inner Flame              Hex/Fire       1%           100%        3
 Ozocubu's Armour         Ice            0%           100%        3
 Static Discharge         Conj/Air       0%           100%        3
 Stone Arrow              Conj/Erth      0%           100%        3
 Summon Guardian Golem    Hex/Summ       1%           100%        3
 Airstrike                Air            0%           100%        4
 Animate Dead             Necr           0%           100%        4
 Cause Fear               Hex            1%           100%        4
 Fulminant Prism          Conj/Hex       0%           100%        4
 Hailstorm                Conj/Ice       0%           100%        4
 Ice Form                 Ice/Tmut       0%           100%        4
 Leda's Liquefaction      Hex/Erth       0%           100%        4
 Petrify                  Tmut/Erth      0%           100%        4
 Summon Ice Beast         Ice/Summ       0%           100%        4
 Summon Lightning Spire   Summ/Air       0%           100%        4
 Alistair's Intoxication  Tmut/Pois      0%           100%        5
 Borgnjor's Vile Clutch   Necr/Erth      0%           100%        5
 Fireball                 Conj/Fire      0%           100%        5
 Irradiate                Conj/Tmut      0%           100%        5
 Lee's Rapid Deconstruct  Erth           0%           100%        5
 Lightning Bolt           Conj/Air       0%           100%        5
 Metabolic Englaciation   Hex/Ice        0%           100%        5
 Silence                  Hex/Air        0%           100%        5
 Summon Mana Viper        Hex/Summ       1%           100%        5
 Yara's Violent Unravell  Hex/Tmut       0%           100%        5
 Conjure Ball Lightning   Conj/Air       0%           100%        6
 Death Channel            Necr           0%           100%        6
 Hydra Form               Tmut           0%           100%        6
 Invisibility             Hex            2%           100%        6
 Ozocubu's Refrigeration  Ice            0%           100%        6
 Shadow Creatures         Summ           N/A          100%        6
 Simulacrum               Ice/Necr       0%           100%        6
 Statue Form              Tmut/Erth      0%           100%        6
 Dragon Form              Tmut           0%           100%        7
 Malign Gateway           Summ/Tloc      1%           100%        7
 Spellforged Servitor     Conj/Summ      0%           100%        7
 Summon Hydra             Summ           0%           100%        7
 Chain Lightning          Conj/Air       0%           100%        8
 Discord                  Hex            1%           100%        8
 Lehudib's Crystal Spear  Conj/Erth      0%           100%        8
 Absolute Zero            Ice            0%           100%        9
 Fire Storm               Conj/Fire      0%           100%        9
 Tornado                  Air            0%           100%        9


Dungeon Overview and Level Annotations

Branches:
Dungeon (15/15)            Temple (1/1) D:7            Lair (6/6) D:11
  Swamp (4/4) Lair:2       Spider (4/4) Lair:4        Slime (5/5) Lair:6
    Orc (2/2) D:9             Elf (3/3) Orc:2        Vaults (5/5) D:14
  Crypt (0/3) Vaults:2     Depths (5/5) D:15            Zot (0/5) Depths:5
Ossuary (visited)          Bailey (visited)         Desolation (visited)
Gauntlet (visited)

Altars:
Ashenzari
Cheibriados
Dithmenos
Elyvilon
Fedhas
Gozag
Hepliaklqana
Kikubaaqudgha
Makhleb
Nemelex Xobeh
Okawaru
Qazlal
Ru
Sif Muna
Trog
Uskayaw
Vehumet
Wu Jian
Xom
Yredelemnul
Zin
The Shining One

Shops:
D:5 (   D:6 [*[   D:8 !   D:9 }   Orc:2 ?(?:   Elf:1 !   Elf:2 }![   Vaults:1 *
Vaults:2 }   Vaults:4 }[}[   Depths:1 [   Depths:5 =

Portals:
Hell: Depths:1 Depths:2 Depths:3 Depths:4 Depths:5
Abyss: Depths:4
Pandemonium: Depths:3
Ziggurat: Depths:4

Annotations:
Swamp:3 exclusion: 2 oklob plants


Innate Abilities, Weirdness & Mutations

You reflexively headbutt those who attack you in melee.
You have a pair of horns on your head.
Scrolls take you a little longer to read.
You are dopey. (Int -2)
You are very frail. (-20% HP)
Your magical capacity is low. (-10% MP)
You do not regenerate when monsters are visible.


Message History

* * * LOW HITPOINT WARNING * * *
Unknown command.
Unknown command.
Unknown command.
You feel more experienced!
Your Translocations skill increases to level 9!
You have reached level 27, the final one!
Your experience leads to an increase in your attributes!
Your base attributes are Str 31, Int 5, Dex 12.
Increase (S)trength, (I)ntelligence, or (D)exterity?
You feel stronger.
Your protection from cold is fading.
The acid blob spits acid at you. The splash of acid misses you.
The splash of acid hits the acid blob.
The acid blob completely resists.
You block the acid blob's attack. The acid blob spits acid at you.
The splash of acid hits you. You resist.
* * * LOW HITPOINT WARNING * * *
You are splashed with acid.
You resist.
You die...

#.##.....##........#.....##
##.##.........#............#
#.............#...........##
##...#.....................#
#....##.#..................# #
##....####.#..............## #
#.....##..○...............##
##........JJJ°.............# #
##.......J@J.....#.......## ###
##.^...#J.J.......#....##
..#######......#○<<.......#...##
...#.##..................#^....#
...............#.#.......##...##
................#.......#######
..........#............#.##
......##.#................#
...###.##..............#.#.#


You could see 5 acid blobs and 2 azure jellies.

Vanquished Creatures
  the Royal Jelly (Slime:5)
  Mennas (Depths:3)
  Margery (Vaults:4)
  Nikola (Swamp:1)
  6 golden dragons
  2 caustic shrikes
  Arachne (Spider:2)
  A bone dragon (Depths:2)
  Rupert (D:12)
  4 tentacled monstrosities
  6 liches
  3 titans (Vaults:5)
  A deep elf blademaster (Elf:2)
  4 quicksilver dragons
  2 tentacled starspawn (Abyss:3)
  An Executioner (Abyss:3)
  5 sphinxes
  28 acid blobs
  9 thorn hunters
  6 draconian monks (Depths:5)
  Agnes (Elf:2)
  4 storm dragons
  8 shadow dragons
  3 tengu reavers (Vaults:5)
  A fenstrider witch (Swamp:4)
  10 deep elf sorcerers
  18 azure jellies
  12 fire giants
  An iron dragon (Depths:4)
  8 frost giants
  15 vault wardens
  5 emperor scorpions
  6 ghost moths
  The ghost of Tarl the Basher, an adept GrFi of Gozag (Spider:2)
  A draconian scorcher (Depths:5)
  13 ironheart preservers
  A ghoul (Vaults:1)
  2 deep elf elementalists
  16 very ugly things
  5 large abominations
  3 draconian annihilators (Depths:5)
  4 spriggan defenders
  A juggernaut skeleton (Depths:2)
  A reaper (Depths:3)
  15 stone giants
  3 vampire knights
  6 purple draconians (Depths:5)
  8 deep elf annihilators
  A green draconian (Depths:5)
  7 deep elf demonologists
  A dire elephant (D:15)
  Nessos (Lair:5)
  4 bunyips
  4 black draconians (Depths:5)
  7 entropy weavers
  10 spark wasps
  4 red draconians (Depths:5)
  8 white draconians (Depths:5)
  A minotaur (Gauntlet)
  A crystal guardian (Desolation)
  6 deep elf death magi
  5 eleionomae
  A green death (Gauntlet)
  12 death oozes
  An ettin (shapeshifter) (Vaults:2)
  15 ettins
  7 fire dragons
  A merfolk impaler (Depths:1)
  18 yaktaur captains
  7 deep elf high priests
  3 shambling mangroves
  2 jiangshi (Depths:1)
  11 ogre magi
  2 ragged hierophants (Desolation)
  6 rakshasas
  20 great orbs of eyes
  6 ice dragons
  15 hydras
  8 alligators
  12 boulder beetles
  30 vault guards
  2 servants of whispers (Desolation)
  6 spriggan air magi
  2 ghost crabs
  7 centaur warriors
  Erolcha (D:13)
  5 peacekeepers
  A death knight (Vaults:1)
  26 two-headed ogres
  Erica (D:11)
  32 dancing weapons
  A death scarab (Gauntlet)
  An alligator (shapeshifter) (Vaults:5)
  A two-headed ogre (shapeshifter) (D:13)
  3 vampire magi
  9 death yaks
  12 deep troll earth magi
  12 deep troll shamans
  3 tengu warriors
  A queen ant (Spider:1)
  3 hell hogs
  An orc high priest (Orc:1)
  8 spriggan berserkers
  24 deep elf knights
  2 shadow wraiths
  2 fire crabs (shapeshifter)
  2 sun demons (Depths:3)
  A sixfirhy (Abyss:3)
  6 iron trolls
  3 storm dragon skeletons (Depths:2)
  13 hell knights
  A titan skeleton (Depths:2)
  2 salamander mystics
  3 death drakes (Depths:5)
  14 skeletal warriors (Depths:2)
  3 spriggan druids
  4 goliath frogs
  A golden dragon zombie (Depths:3)
  3 spectral hydras
  35 deep trolls
  7 unseen horrors
  5 flayed ghosts
  4 glowing orange brains
  4 swamp dragons (Swamp:4)
  4 bog bodies
  5 golden dragon skeletons (Depths:2)
  2 deep trolls (shapeshifter)
  A shadow dragon zombie (Depths:2)
  19 deep elf archers
  4 lindwurms (Depths:5)
  23 ironbrand convokers
  Pikel (D:4)
  A tengu zombie (Vaults:3)
  A phantasmal warrior (Vaults:1)
  69 deep elf magi
  2 fauns (shapeshifter)
  46 wolf spiders
  4 necromancers
  6 wizards
  19 orc knights
  2 shadow dragon skeletons (Depths:2)
  38 ugly things
  7 oklob plants
  A manticore (D:15)
  14 orb spiders
  8 cyclopes
  10 shining eyes
  A fire giant zombie (Depths:3)
  3 orc sorcerers
  A mana viper (shapeshifter) (Depths:3)
  A salamander (shapeshifter) (Depths:4)
  A will-o-the-wisp (Swamp:4)
  5 tengu skeletons (Depths:2)
  A frost giant zombie (Vaults:3)
  5 elephants (Lair:3)
  3 moths of wrath
  5 salamanders
  2 sphinx skeletons (Depths:2)
  9 black mambas
  A fire giant skeleton (Depths:2)
  A guardian serpent (shapeshifter) (Vaults:4)
  A guardian serpent (Lair:6)
  2 stone giant skeletons (Depths:2)
  Joseph (D:10)
  A black mamba (shapeshifter) (Vaults:4)
  2 frost giant skeletons (Depths:2)
  A torpor snail (shapeshifter) (Vaults:4)
  Psyche (D:10)
  2 torpor snails
  2 smoke demons
  22 vault sentinels
  An orange demon (Abyss:3)
  20 cane toads
  2 centaur skeletons
  4 eyes of devastation
  10 komodo dragons
  A komodo dragon (shapeshifter) (Vaults:3)
  3 spriggan skeletons (Depths:2)
  12 demonic crawlers
  5 rime drakes
  2 elf skeletons (Depths:2)
  43 yaktaurs
  2 ancient zymes (Abyss:3)
  2 hydra zombies (Swamp:4)
  10 freezing wraiths
  18 trolls
  29 jumping spiders
  A polar bear (shapeshifter) (Depths:4)
  A polar bear (Lair:6)
  5 tengu conjurers
  A jumping spider (shapeshifter) (Depths:4)
  6 tyrant leeches
  A wind drake (Depths:5)
  26 saltlings
  12 blink frogs
  32 hornets
  4 dream sheep (Lair:6)
  129 slime creatures
  3 hydra skeletons (Swamp:4)
  A spectral black mamba (Gauntlet)
  16 flying skulls (Depths:2)
  A spriggan zombie (Depths:2)
  An ettin skeleton (Depths:2)
  2 small abominations
  49 tarantellas
  97 redbacks
  2 air elementals (Elf:3)
  8 starcursed masses (Abyss:3)
  6 vampires
  20 spriggans
  3 centaur simulacra
  7 water elementals
  2 wraiths (D:12)
  13 wyverns
  4 fire elementals
  3 hogs (shapeshifter)
  A chaos spawn (Depths:3)
  3 golden eyes
  A golden eye (shapeshifter) (Vaults:4)
  61 yaks
  An elf zombie (Depths:3)
  4 basilisks
  A basilisk (shapeshifter) (Vaults:5)
  Menkaure (D:5)
  12 soldier ants
  7 wargs
  16 swamp worms
  4 acid dragons
  20 water moccasins
  3 hydra simulacra (Swamp:4)
  8 hell hounds (Depths:5)
  3 sky beasts
  A floating eye (shapeshifter) (Vaults:3)
  6 floating eyes
  A hornet zombie (D:13)
  3 black bears
  37 orc warriors
  11 ice beasts
  2 eyes of draining (shapeshifter)
  2 necrophages
  2 phantoms
  8 swamp drakes
  13 eyes of draining
  25 boggarts
  22 wolves
  37 centaurs
  59 ogres
  A swamp dragon skeleton (Swamp:4)
  4 big kobolds
  17 bullfrogs
  5 gnoll sergeants (D:5)
  3 earth elementals
  A hornet simulacrum (Gauntlet)
  A wyvern skeleton (D:9)
  11 scorpions
  5 killer bees (D:13)
  8 wights
  2 electric eels
  4 howler monkeys
  4 quasits
  A wyvern simulacrum (Gauntlet)
  3 centaur zombies
  A crimson imp (Depths:3)
  12 hounds
  3 human zombies
  3 bullfrog skeletons
  A bullfrog zombie (D:13)
  2 iron imps
  11 jellies
  4 gnoll shamans
  15 orc priests
  Crazy Yiuf (D:7)
  Natasha (twice) (D:3)
  Ijyb (D:4)
  4 iguanas
  33 orc wizards
  27 worker ants
  8 hell rats
  2 big kobold zombies (Ossuary)
  A bullfrog simulacrum (Gauntlet)
  A hound zombie (D:3)
  3 mummies
  A hound skeleton (D:4)
  A worker ant zombie (D:9)
  A howler monkey skeleton (D:6)
  38 gnolls
  3 river rats (D:11)
  12 adders
  8 white imps
  An ufetubus (Depths:3)
  6 oozes
  3 adder zombies
  An adder skeleton (D:7)
  4 worms
  5 leopard geckos
  143 orcs
  13 bats
  6 giant cockroaches
  5 goblins
  6 hobgoblins
  14 jackals
  4 quokkas
  3 ball pythons
  8 frilled lizards
  A goblin zombie (Ossuary)
  9 hobgoblin zombies (Ossuary)
  2 jackal zombies (Ossuary)
  12 kobolds
  10 kobold zombies (Ossuary)
  7 orc zombies (Ossuary)
  A quokka skeleton (D:5)
  10 rats
  A rat zombie (Ossuary)
  19 briar patches
  A crawling corpse (Vaults:4)
  A fungus (Swamp:3)
  A plant (Depths:5)
  3 starspawn tentacles (Abyss:3)
2695 creatures vanquished.

Vanquished Creatures (collateral kills)
  A hound (D:12)
  An orc (Bailey)
  A kobold (D:11)
3 creatures vanquished.

Vanquished Creatures (others)
  A deep elf master archer (Elf:2)
  A deep elf demonologist (Elf:2)
  A deep elf high priest (Elf:2)
  A peacekeeper (Desolation)
  A spriggan berserker (Depths:5)
  2 deep elf knights
  A wretched star (Abyss:3)
  A deep elf archer (Elf:3)
  A deep elf mage (Elf:2)
  2 orb spiders
  A salamander (Depths:4)
  A yaktaur (Vaults:1)
  A saltling (Desolation)
  A human (shapeshifter) (Depths:5)
  3 boggarts (Depths:3)
  An orc (Bailey)
  6 briar patches
  4 foxfires (Swamp:4)
  52 fungi
  85 plants
  2 starspawn tentacles (Abyss:3)
  A withered plant (Spider:2)
170 creatures vanquished.

Grand Total: 2868 creatures vanquished

Notes
Turn   | Place    | Note
-------+----------+-------------------------------------------
     0 | D:1      | pkoi the Minotaur Fighter began the quest for the Orb.
     0 | D:1      | Reached XP level 1. HP: 19/19 MP: 0/0
    73 | D:1      | Reached skill level 3 in Unarmed Combat
   191 | D:1      | Reached XP level 2. HP: 15/26 MP: 1/1
   848 | D:2      | Reached XP level 3. HP: 27/31 MP: 2/2
   903 | D:2      | Reached skill level 4 in Unarmed Combat
  1058 | D:2      | Reached XP level 4. HP: 20/39 MP: 1/3
  1576 | D:3      | Reached skill level 5 in Unarmed Combat
  1782 | D:3      | Noticed Natasha
  1787 | D:3      | Killed Natasha
  1912 | D:3      | Reached XP level 5. HP: 44/45 MP: 4/4
  1969 | D:3      | Reached skill level 6 in Unarmed Combat
  2091 | D:3      | Noticed Natasha
  2104 | D:3      | Killed Natasha
  2529 | D:4      | Reached skill level 7 in Unarmed Combat
  2551 | D:4      | Found a sand-covered staircase.
  2558 | D:4      | HP: 1/45 [mummy (12)]
  2560 | D:4      | Reached XP level 6. HP: 2/51 MP: 0/5
  2847 | Ossuary  | Entered an ossuary
  3234 | Ossuary  | Reached skill level 8 in Unarmed Combat
  3389 | D:4      | Reached XP level 7. HP: 57/57 MP: 6/6
  3403 | D:4      | Found a snail-covered altar of Cheibriados.
  3404 | D:4      | Noticed Ijyb
  3410 | D:4      | Paralysed by Ijyb for 4 turns
  3417 | D:4      | Killed Ijyb
  3605 | D:4      | Reached skill level 9 in Unarmed Combat
  4082 | D:4      | Reached skill level 10 in Unarmed Combat
  4162 | D:4      | Noticed Pikel
  4191 | D:4      | Killed Pikel
  4192 | D:4      | Reached skill level 11 in Unarmed Combat
  4192 | D:4      | Reached XP level 8. HP: 31/64 MP: 4/7
  4728 | D:5      | Entered Level 5 of the Dungeon
  5008 | D:4      | Reached skill level 12 in Unarmed Combat
  5660 | D:5      | Reached XP level 9. HP: 51/70 MP: 5/8
  6013 | D:5      | Noticed Menkaure
  6018 | D:5      | Killed Menkaure
  6019 | D:5      | Reached skill level 1 in Dodging
  6537 | D:5      | Reached skill level 13 in Unarmed Combat
  7020 | D:5      | Found Kuahos's Weapon Shop.
  7157 | D:6      | Found Gucvaqih's Antique Armour Shop.
  7196 | D:6      | Reached skill level 5 in Fighting
  7196 | D:6      | Reached skill level 5 in Armour
  7196 | D:6      | Reached skill level 5 in Shields
  7223 | D:6      | Found Gouhac Gedd's Assorted Antiques.
  7231 | D:6      | Bought a steaming leather armour for 126 gold pieces
  7241 | D:6      | Identified the +1 leather armour of Rotation {rN+ Str-3
                  | Int+6 Dex-3} (You bought it in a shop on level 6 of the
                  | Dungeon)
  7736 | D:6      | Found Ytrybali's Armour Shop.
  8383 | D:7      | Found a stormy altar of Qazlal.
  8443 | D:7      | Became a worshipper of Qazlal Stormbringer
  8570 | D:7      | Found a staircase to the Ecumenical Temple.
  8593 | D:7      | Found a runed translucent door.
  8594 | D:7      | Noticed Crazy Yiuf
  8919 | D:7      | Got a fine plate armour
  8930 | D:7      | Identified the +10 plate armour of the Jabberwock {Dex+7}
                  | (You found it on level 7 of the Dungeon)
  9066 | D:7      | Killed Crazy Yiuf
  9138 | D:8      | Found a sacrificial altar of Ru.
  9138 | D:8      | Found a glowing golden altar of the Shining One.
  9138 | D:8      | Found a hide-covered altar of Uskayaw.
  9138 | D:8      | Found a shadowy altar of Dithmenos.
  9138 | D:8      | Found a bloodstained altar of Trog.
  9138 | D:8      | Found an opulent altar of Gozag.
  9161 | D:8      | Noticed a four-headed hydra
  9182 | D:8      | Killed a four-headed hydra
  9183 | D:8      | Reached XP level 10. HP: 79/81 MP: 8/11
  9292 | D:8      | Found Feklenni's Distillery.
  9304 | D:8      | Bought a potion of degeneration for 10 gold pieces
  9304 | D:8      | Bought a potion of mutation for 80 gold pieces
  9304 | D:8      | Bought a potion of curing for 30 gold pieces
  9304 | D:8      | Bought a potion of haste for 100 gold pieces
  9974 | D:8      | Found a radiant altar of Vehumet.
 10395 | D:9      | Found Gatzoddi's Gadget Emporium.
 10456 | D:9      | Found a flagged portal.
 10465 | Bailey   | Entered a bailey
 10653 | Bailey   | Noticed an orc knight
 10870 | Bailey   | Noticed an orc knight
 10870 | Bailey   | Noticed an orc knight
 10871 | Bailey   | Noticed an orc knight
 10910 | Bailey   | Killed an orc knight
 11634 | D:9      | Reached skill level 5 in Invocations
 11647 | D:9      | Reached * piety under Qazlal
 11677 | D:9      | Found a staircase to the Orcish Mines.
 11832 | D:9      | Found a burning altar of Makhleb.
 11970 | D:9      | Noticed a two-headed ogre
 11977 | D:9      | Killed a two-headed ogre
 11993 | D:9      | Reached skill level 14 in Unarmed Combat
 12257 | D:9      | Reached ** piety under Qazlal
 12512 | D:10     | Entered Level 10 of the Dungeon
 12598 | D:10     | Noticed Joseph
 12612 | D:10     | Killed Joseph
 12909 | D:10     | Reached XP level 11. HP: 88/88 MP: 15/15
 12941 | D:10     | Noticed Psyche
 12948 | D:10     | Killed Psyche
 12979 | D:10     | Killed an unseen horror
 13207 | D:11     | Noticed a death yak
 13213 | D:11     | Noticed a death yak
 13216 | D:11     | Noticed a death yak
 13240 | D:10     | Killed a death yak
 13329 | D:11     | Killed an unseen horror
 13353 | D:11     | Killed a death yak
 13357 | D:11     | Killed a death yak
 13357 | D:11     | Reached *** piety under Qazlal
 13362 | D:11     | Noticed a white ugly thing
 13362 | D:11     | Noticed a red ugly thing
 13363 | D:11     | Noticed a boulder beetle
 13370 | D:11     | Killed a white ugly thing
 13371 | D:11     | Reached skill level 5 in Dodging
 13396 | D:10     | Killed a red ugly thing
 13405 | D:10     | Killed a boulder beetle
 13637 | D:11     | Found a staircase to the Lair.
 13643 | D:11     | Noticed a green ugly thing
 13653 | D:11     | Killed a green ugly thing
 13680 | D:11     | Found a broken altar of Ashenzari.
 13731 | D:11     | Found a flickering gateway to a bazaar.
 13741 | Bazaar   | Entered a bazaar
 13749 | Bazaar   | Found Uvyocac's Assorted Antiques.
 13757 | Bazaar   | Found Awips's Distillery.
 13770 | Bazaar   | Found Caoxkysh's Book Shoppe.
 13774 | Bazaar   | Found Urieg's Gadget Shoppe.
 13799 | Bazaar   | Upgraded the game from 0.26-a0-1126-g3318b609a0 to
                  | 0.26-a0-1129-gc5df7fbe6a
 13808 | Bazaar   | Bought a faintly glowing silver ring for 135 gold pieces
 13809 | Bazaar   | Identified the ring of the Falcon {Ice rPois Int+4} (You
                  | bought it in a shop in a bazaar)
 13836 | Bazaar   | Bought a potion of mutation for 128 gold pieces
 13836 | Bazaar   | Bought a potion of mutation for 128 gold pieces
 13836 | Bazaar   | Bought a potion of mutation for 128 gold pieces
 13836 | Bazaar   | Bought a potion of haste for 160 gold pieces
 14052 | D:11     | Reached XP level 12. HP: 95/100 MP: 15/17
 14546 | D:12     | Noticed a two-headed ogre
 14558 | D:12     | Killed a two-headed ogre
 14678 | D:12     | Noticed a boulder beetle
 14688 | D:12     | Killed a boulder beetle
 14795 | D:12     | Reached **** piety under Qazlal
 14835 | D:12     | Noticed Rupert
 14836 | D:12     | Paralysed by Rupert for 6 turns
 14850 | D:12     | Killed Rupert
 14851 | D:12     | Reached skill level 10 in Invocations
 15423 | Lair:1   | Entered Level 1 of the Lair of Beasts
 15434 | Lair:1   | Reached skill level 15 in Unarmed Combat
 15520 | Lair:1   | Noticed Erica
 15530 | D:11     | Killed Erica
 15541 | Lair:1   | Reached XP level 13. HP: 104/108 MP: 18/20
 16225 | Lair:2   | Found a gate leading to a gauntlet.
 16232 | Gauntlet | Entered a Gauntlet
 16232 | Gauntlet | Found a transporter.
 16239 | Gauntlet | Found a transporter.
 16241 | Gauntlet | Found a transporter.
 16250 | Gauntlet | Found a transporter.
 16252 | Gauntlet | Found a transporter.
 16261 | Gauntlet | Found a transporter.
 16276 | Gauntlet | Identified the ring of Jumuideh {rElec rC+ Will- Stlth-}
 16277 | Gauntlet | Found a transporter.
 16287 | Gauntlet | Found a transporter.
 16294 | Gauntlet | Noticed an entropy weaver
 16297 | Gauntlet | Found a transporter.
 16301 | Gauntlet | Noticed a green death
 16311 | Gauntlet | Found a transporter.
 16326 | Gauntlet | Found a transporter.
 16326 | Gauntlet | Found a transporter.
 16387 | Gauntlet | Found a transporter.
 16390 | Gauntlet | Found a transporter.
 16533 | Gauntlet | Got a fine bronze ring
 16534 | Gauntlet | Identified the ring "Kuxto" {rC+ rN+ Will+ Dex+2} (You
                  | found it in a Gauntlet)
 16553 | Gauntlet | Killed a green death
 16820 | Gauntlet | Got a heavily runed brass amulet
 16837 | Gauntlet | Identified the amulet "Dilih" {Acrobat rF+ Dex+4} (You
                  | found it in a Gauntlet)
 16868 | Gauntlet | Identified the +3 plate armour "Mogg" {rN+ Will+ Regen+
                  | Str+3}
 16868 | Gauntlet | Noticed a minotaur
 16875 | Gauntlet | Killed a minotaur
 16900 | Lair:2   | Found a frozen archway.
 17664 | Lair:2   | Found a staircase to the Swamp.
 17802 | Lair:3   | Reached ***** piety under Qazlal
 17952 | Lair:3   | Reached skill level 10 in Armour
 17966 | Lair:3   | Reached skill level 10 in Shields
 18144 | Lair:3   | Reached skill level 10 in Fighting
 18858 | Lair:4   | Reached XP level 14. HP: 120/121 MP: 22/22
 19079 | Lair:4   | Found a hole to the Spider Nest.
 19470 | Lair:5   | Noticed Nessos
 19480 | Lair:5   | Killed Nessos
 19833 | Lair:5   | Identified Olucrum's Tome of the Fiery Frostbite
 20412 | Lair:6   | Entered Level 6 of the Lair of Beasts
 20413 | Lair:6   | Found a staircase to the Slime Pits.
 20772 | Lair:6   | Reached skill level 16 in Unarmed Combat
 21932 | Orc:1    | Entered Level 1 of the Orcish Mines
 22365 | Orc:2    | Entered Level 2 of the Orcish Mines
 22378 | Orc:2    | Found a staircase to the Elven Halls.
 22385 | Orc:2    | Learned a level 3 spell: Confusing Touch
 22423 | Orc:2    | Reached ****** piety under Qazlal
 22424 | Orc:2    | Reached XP level 15. HP: 88/128 MP: 16/24
 22438 | Orc:2    | Reached skill level 1 in Spellcasting
 22448 | Orc:2    | Reached skill level 1 in Hexes
 23081 | Orc:2    | Found Immoac's Weapon Shoppe.
 23082 | Orc:2    | Found Daholabb's Book Shop.
 23086 | Orc:2    | Found Resm's Magic Scroll Boutique.
 23097 | Orc:2    | Found Gynuclas's Magic Scroll Shop.
 23897 | D:13     | Noticed a sphinx
 23904 | D:13     | Killed a sphinx
 23971 | D:13     | Noticed Erolcha
 23986 | D:13     | Killed Erolcha
 24032 | D:13     | Found a broken altar of Ashenzari.
 25411 | D:14     | Reached skill level 10 in Dodging
 25416 | D:14     | Found a gate to the Vaults.
 26363 | D:15     | Entered Level 15 of the Dungeon
 26407 | D:15     | Found a staircase to the Depths.
 26723 | D:15     | Found an opulent altar of Gozag.
 27221 | Depths:1 | Entered Level 1 of the Depths
 27240 | Depths:1 | Reached skill level 17 in Unarmed Combat
 27250 | Depths:1 | Reached XP level 16. HP: 64/139 MP: 11/25
 27790 | Depths:1 | Found Anilekosh's Armour Shop.
 28278 | Depths:1 | Noticed a lich
 28286 | Depths:1 | Killed a lich
 28422 | Depths:1 | You fall into a shaft and drop 1 floor!
 28422 | Depths:2 | Found a gateway to Hell.
 29899 | Depths:2 | Reached XP level 17. HP: 116/149 MP: 26/26
 31075 | Depths:2 | Reached skill level 15 in Invocations
 31079 | Depths:2 | Reached skill level 18 in Unarmed Combat
 31403 | Depths:2 | Noticed a bone dragon
 31425 | Depths:2 | Killed a bone dragon
 31657 | Depths:2 | Learned a level 2 spell: Blink
 31944 | Swamp:1  | Entered Level 1 of the Swamp
 32031 | Swamp:1  | Noticed Nikola
 32050 | Swamp:1  | Killed Nikola
 32051 | Swamp:1  | Reached XP level 18. HP: 110/160 MP: 28/28
 32058 | Swamp:1  | Reached skill level 1 in Translocations
 32207 | Swamp:1  | Found an ancient bone altar of Kikubaaqudgha.
 32353 | Swamp:1  | Noticed a tentacled monstrosity
 32370 | Swamp:1  | Killed a tentacled monstrosity
 32743 | Swamp:2  | Found a bloodstained altar of Trog.
 33162 | Swamp:3  | Got a scorched bronze ring
 33163 | Swamp:3  | Identified the ring "Orphirem" {*Tele rElec Slay+3} (You
                  | found it on level 3 of the Swamp)
 34972 | Spider:1 | Entered Level 1 of the Spider Nest
 35347 | Spider:1 | Found a runed translucent door.
 36085 | Spider:1 | Reached skill level 15 in Armour
 36124 | Spider:1 | Found the +27 Lear's hauberk
 36125 | Spider:1 | Reached XP level 19. HP: 169/169 MP: 29/29
 36195 | Spider:2 | Reached skill level 15 in Fighting
 36222 | Spider:2 | Noticed Arachne
 36434 | Spider:2 | Reached skill level 15 in Shields
 36444 | Spider:2 | Killed Arachne
 37176 | Spider:2 | Found a runed translucent door.
 37176 | Spider:2 | Noticed Tarl's ghost (adept GrFi)
 37206 | Spider:2 | Killed Tarl's ghost
 37209 | Spider:2 | Got a translucent platinum ring
 37210 | Spider:2 | Identified the ring of Qazlal's Approval {rF++ Will+} (You
                  | found it on level 2 of the Spider Nest)
 37352 | Spider:3 | Reached skill level 19 in Unarmed Combat
 38591 | Spider:3 | Got an ichor-stained scale mail
 38593 | Spider:3 | Identified the +2 scale mail of Card Tricks {Rampage
                  | *Corrode rF+ rN+++} (You found it on level 3 of the Spider
                  | Nest)
 38753 | Elf:1    | Entered Level 1 of the Elven Halls
 38771 | Elf:1    | Reached skill level 5 in Translocations
 39223 | Elf:1    | Found Wekupt's Distillery.
 39505 | Elf:2    | Found Ijeom's Gadget Emporium.
 39872 | Elf:1    | Identified a scroll of acquirement
 39872 | Elf:1    | Acquired a +1 hat of intelligence
 40106 | Elf:2    | Found a huge runed translucent gate.
 40106 | Elf:2    | Found a huge runed translucent gate.
 40106 | Elf:2    | Found a huge runed translucent gate.
 40107 | Elf:2    | Found a huge runed translucent gate.
 40109 | Elf:2    | Found a huge runed translucent gate.
 40109 | Elf:2    | Noticed Agnes
 40154 | Elf:2    | Identified Gexo's Collected Works on the Escort
 40169 | Elf:2    | Found Teda's Distillery.
 40172 | Elf:2    | Found Pareery's Armour Shop.
 40496 | Elf:2    | Killed Agnes
 40497 | Elf:2    | Reached XP level 20. HP: 176/178 MP: 18/31
 40577 | Elf:2    | Reached skill level 15 in Dodging
 41286 | Elf:3    | Entered Level 3 of the Elven Halls
 43234 | Elf:3    | Cast into level 3 of the Abyss (a deep elf demonologist)
 43412 | Elf:3    | Escaped the Abyss
 43966 | Elf:3    | Reached skill level 20 in Unarmed Combat
 44456 | Elf:3    | Identified the ring of Conatun {Fire *Slow Will+ Str-5
                  | Int+9}
 44614 | Elf:3    | Identified the Collected Works on the Glacier
 44943 | Swamp:4  | Entered Level 4 of the Swamp
 45182 | Swamp:4  | Reached XP level 21. HP: 187/187 MP: 25/32
 45698 | Swamp:4  | Found a blossoming altar of Fedhas.
 45864 | Swamp:4  | Found a basalt altar of Yredelemnul.
 46208 | Swamp:4  | Got a decaying rune of Zot
 46406 | Spider:4 | Entered Level 4 of the Spider Nest
 48160 | Spider:4 | Reached skill level 21 in Unarmed Combat
 48394 | Spider:4 | Got a gossamer rune of Zot
 48673 | Vaults:1 | Entered Level 1 of the Vaults
 48741 | Vaults:1 | Found Dim Vata's General Store.
 48857 | Vaults:1 | Bought a potion of heal wounds for 95 gold pieces
 49890 | Depths:2 | Got a smouldering plate armour
 49891 | Depths:2 | Identified the +7 plate armour of Huchad {*Drain rN+ rCorr
                  | Dex+8} (You found it on level 2 of the Depths)
 49974 | Depths:3 | Noticed Mennas
 50236 | Depths:2 | Reached XP level 22. HP: 175/196 MP: 34/34
 50480 | Depths:3 | Paralysed by a floating eye for 2 turns
 50487 | Depths:3 | Noticed a caustic shrike
 50490 | Depths:3 | Killed Mennas
 50496 | Depths:3 | Killed a caustic shrike
 51307 | Depths:3 | Found a one-way gate leading to the halls of Pandemonium.
 51479 | Depths:3 | Paralysed by a floating eye for 4 turns
 51489 | Depths:3 | Paralysed by a floating eye for 2 turns
 51494 | Depths:3 | Paralysed by a floating eye for 3 turns
 51504 | Depths:3 | Paralysed by a floating eye for 4 turns
 53295 | Vaults:2 | Reached skill level 22 in Unarmed Combat
 53463 | Vaults:2 | Found a staircase to the Crypt.
 53897 | Vaults:2 | Found Juuxt's Gadget Shoppe.
 54274 | Vaults:2 | Reached XP level 23. HP: 197/204 MP: 35/35
 55052 | Vaults:3 | Reached skill level 23 in Unarmed Combat
 56110 | Vaults:4 | Found Xeill's Antique Armour Shop.
 56148 | Vaults:4 | Noticed Margery
 56157 | Vaults:4 | Killed Margery
 56429 | Vaults:4 | Found Kyzag's Gadget Shoppe.
 56456 | Vaults:4 | Found Vehel's Antique Armour Shop.
 56466 | Vaults:4 | Bought the +2 hat of the Bear Spirit {Spirit, +Rage rN+
                  | Will++} for 1094 gold pieces
 56466 | Vaults:4 | Found the +2 hat of the Bear Spirit {Spirit, +Rage rN+
                  | Will++}
 56466 | Vaults:4 | Bought a slimy plate armour for 784 gold pieces
 56466 | Vaults:4 | Bought a polished chain mail for 266 gold pieces
 56473 | Vaults:4 | Found Ekkithroibb's Gadget Shoppe.
 56572 | Vaults:4 | Found a ruined gateway.
 56582 | Vaults:4 | Identified the +8 plate armour of Dishonesty {Str+2} (You
                  | bought it in a shop on level 4 of the Vaults)
 56583 | Vaults:4 | Identified the +0 chain mail "Feop" {rCorr} (You bought it
                  | in a shop on level 4 of the Vaults)
 56593 | Desolati | Entered the Desolation of Salt
 56666 | Desolati | Reached skill level 24 in Unarmed Combat
 56672 | Desolati | Identified the ring "Vuom" {Ice *Corrode rN++ Int+3}
 57824 | Vaults:5 | Entered Level 5 of the Vaults
 57985 | Vaults:4 | Reached XP level 24. HP: 110/212 MP: 20/36
 58249 | Vaults:5 | Identified the +8 hand axe of Luec {vorpal, +Blink rElec}
 58899 | Vaults:5 | Identified the ring of the Tempest {+Fly rN+ Str+4 Slay-3}
 59268 | Vaults:5 | Acquired a manual of Shields
 59440 | Vaults:5 | Learned a level 1 spell: Apportation
 59501 | Vaults:5 | Got a silver rune of Zot
 59601 | Vaults:5 | Identified the Catalogue of Creative Fire
 60622 | Depths:4 | Paralysed by a floating eye for 2 turns
 60693 | Depths:4 | Reached skill level 25 in Unarmed Combat
 60744 | Depths:4 | Reached XP level 25. HP: 221/221 MP: 36/36
 60972 | Depths:4 | Found a one-way gate to the infinite horrors of the Abyss.
 61162 | Depths:4 | Identified Arche Ute's Incunabulum of the End
 61200 | Depths:4 | Found a gateway to a ziggurat.
 61325 | Depths:4 | You fall into a shaft and drop 1 floor!
 61325 | Depths:5 | Entered Level 5 of the Depths
 62450 | Vaults:1 | Got a spiked ring mail
 62451 | Vaults:1 | Identified the cursed +0 ring mail of Panentheism {Harm rN+
                  | Str-5 Stlth+} (You found it on level 1 of the Vaults)
 62743 | D:6      | Bought a scroll of enchant armour for 135 gold pieces
 63156 | Depths:5 | Found Xaup's Jewellery Boutique.
 63543 | Depths:5 | Found a gate to the Realm of Zot.
 64547 | Depths:5 | Upgraded the game from 0.26-a0-1129-gc5df7fbe6a to
                  | 0.26-a0-1132-ge9770dfcb6
 64915 | Temple   | Entered the Ecumenical Temple
 65290 | Slime:1  | Entered Level 1 of the Pits of Slime
 65296 | Slime:1  | Gained mutation: You are frail. (-10% HP) [a shining eye]
 65485 | Slime:1  | Reached skill level 5 in Spellcasting
 65560 | Slime:1  | Gained mutation: You do not regenerate when monsters are
                  | visible. [a shining eye]
 65899 | Slime:2  | Gained mutation: You are dopey. (Int -2) [a shining eye]
 66371 | Slime:1  | Reached XP level 26. HP: 206/206 MP: 36/36
 66939 | Slime:3  | Gained mutation: Scrolls take you a little longer to read.
                  | [a shining eye]
 68248 | Slime:4  | Gained mutation: Your magical capacity is low. (-10% MP) [a
                  | shining eye]
 68815 | Slime:5  | Entered Level 5 of the Pits of Slime
 68835 | Slime:5  | Gained mutation: You are very frail. (-20% HP) [a shining
                  | eye]
 68950 | Slime:5  | Noticed the Royal Jelly
 69362 | Slime:5  | Killed the Royal Jelly
 69366 | Slime:4  | HP: 7/183 [acid[the Royal Jelly] (5)]
 69370 | Slime:4  | Reached XP level 27. HP: 7/188 MP: 0/33
 69370 | Slime:4  | HP: 2/188 [acid blob/splash of acid[the Royal Jelly] (5)]
 69370 | Slime:4  | Splashed by an acid blob's acid

Illustrated notes

Levels and vault maps discovered:
D:1:      lemuel_arrival_river_bridge, layout_basic, serial_forest,
          infiniplex_forest_join, infiniplex_forest_end_2,
          infiniplex_forest_clump_tiny, infiniplex_forest_corner_2,
          infiniplex_forest_join, infiniplex_forest_zigzag_2
D:2:      layout_basic
D:3:      layout_loops_cross, minmay_puff, uniq_natasha
D:4:      cheibrodos_barr_body, layout_basic, lemuel_doored_altar,
          gup_ossuary_entry_pyramid, chequers_serial_rivers_micro_a,
          chequers_decorated_corner, hangedman_abyss_or_decor_lesser_grid,
          uniq_pikel, uniq_ijyb
D:5:      layout_cave_pools, serial_shops, shop, serial_gnoll_camp,
          gnoll_camp_mini_sergeant, gnoll_camp_huts_moat, gnoll_camp_medium_02,
          gnoll_camp_mini_hut, gnoll_camp_mini_house, gnoll_camp_mini_basic,
          uniq_menkaure
D:6:      layout_loops_ring, serial_shops, shop_fountains, shop, shop
D:7:      layout_loops_corners, nicolae_qazlal_style_of_elements,
          minmay_temple_entry_purple_smoke, nrook_pool_corridor,
          uniq_crazy_yiuf_cottage
D:8:      layout_layer_cave, vehumet_crystals, grunt_temple_overflow_open,
          serial_shops, nicolae_shop_waterfront
D:9:      minmay_goldmine, layout_grid_maze, hiddenorc2_lemuel, enter_bailey_8,
          serial_shops, shop_statue, bloody_makhleb
D:10:     layout_roguey, uniq_psyche, uniq_joseph
D:11:     layout_cave_pods, dpeg_lair_monsters, serial_shops, bzr_entry_dummy,
          evilmike_ruin_ashenzari
D:12:     minmay_opposing_rooms, layout_basic, uniq_rupert
D:13:     kennysheep_funnel, layout_irregular_city, basic_altar,
          grunt_decor_resistance, uniq_erolcha
D:14:     layout_stronghold, david_vaults_1, grunt_decor_mini_mirrors
D:15:     hangedman_depths_entry_try_elsewhere_first, layout_basic,
          nicolae_gozag_seed_capital
Temple:   nicolae_temple_figure_eight
Lair:1:   layout_misc_corridors, beast_lair_carwin_8, serial_bayou_shore_a,
          lemuel_fruit_tree, uniq_erica
Lair:2:   layout_concentric_octagons, minmay_swamp_entry_worms,
          portal_ice_cave_entry_ice_beasts, gauntlet_entry_generic,
          beast_lair_carwin_5, lemuel_fruit_fields, minmay_lair_oklob_chamber
Lair:3:   layout_regular_city, chequers_serial_rivers_large_b,
          infiniplex_staircase_pool
Lair:4:   layout_regular_city, spider_nest_entry_web_field, st_stairs_8,
          roderic_batcave, minmay_stone_trees_small
Lair:5:   layout_loops_ring, grunt_megastairs_2, uniq_nessos
Lair:6:   hangedman_lair_tendril_chambers, layout_gridlike,
          nicolae_slime_entry_slimehenge
Swamp:1:  cheibrodos_swamp_monstrosity, layout_basic_swamp, basic_altar,
          uniq_nikola
Swamp:2:  layout_falls_marsh, lemuel_altar_in_water
Swamp:3:  nicolae_swamp_phyte_club, layout_basic_swamp, nicolae_swamp_stair_fork
Swamp:4:  byrel_swamp_growth_death_and_undeath, layout_basic_swamp
Spider:1: cheibrodos_spider_deadly_dance, minmay_another_anthill
Spider:2: cheibrodos_spider_silkery, gammafunk_ghost_grave, drop_trap,
          nicolae_spider_webbed_stairs, uniq_arachne
Spider:3: nicolae_spider_mines_3
Spider:4: spider_rune_water, spiders_nest_the_unseen
Slime:1:  layout_caves
Slime:2:  layout_caves, nicolae_slime_round_cave
Slime:3:  layout_caves
Slime:4:  layout_caves
Slime:5
Orc:1:    layout_diamond_mine
Orc:2:    st_orc_open, layout_caves
Elf:1:    layout_loops_ring, serial_shops, nicolae_shop_statue_plus,
          hangedman_elf_disciples
Elf:2:    layout_geoelf_grid, serial_shops, shop, shop, shop_statue,
          minmay_elf_demonology, uniq_agnes
Elf:3:    minmay_elf_hall_x, layout_geoelf_grid, serial_shops, shop,
          nrook_loot_triangle
Vaults:1: hangedman_vaults_nails, ontoclasm_vaults_hangar,
          nicolae_vaults_disjoint_gnomons, nicolae_vaults_big_ls,
          ontoclasm_vaults_decontamination, vaults_room_corners,
          vaults_mumra_lcd, vaults_dpeg_hooks, nicolae_vaults_sealed_display,
          ontoclasm_vaults_ring_small, v_misc_33, st_spiral_rooms,
          vaults_room_fancy_cross, layout_vaults_omnibox, serial_shops, shop
Vaults:2: vaults_room_fours, dpeg_vaults_monster_box, v_rooms_5,
          hangedman_vaults_nails, nicolae_vaults_disjoint_gnomons, v_rooms_5,
          nicolae_vaults_little_ls, grunt_vaults_focal, ontoclasm_vaults_hangar,
          minmay_crypt_entry_vampire_xt, hangedman_vaults_impose,
          ontoclasm_vaults_claustrophobia, layout_vaults_maze, serial_shops,
          nicolae_shop_crystal
Vaults:3: v_rooms_6, nicolae_vaults_diagonal_hallway_7, ontoclasm_vaults_eye,
          v_rooms_4, v_misc_1, ontoclasm_vaults_bender,
          nicolae_vaults_what_the_h, vaults_room_pools,
          nicolae_vaults_little_squares_5, vaults_dpeg_ring, vaults_room_pool,
          vaults_room_door_hall, layout_vaults_omnigrid
Vaults:4: v_pattern_5, hangedman_vaults_cutoff, nicolae_vaults_network_s,
          hangedman_vaults_maws, ontoclasm_vaults_twist, v_alt_pattern_4,
          vaults_room_pools, hangedman_vaults_maws,
          nicolae_vaults_border_crossing, ontoclasm_vaults_ligature,
          layout_vaults_big_room, portal_desolation_entry_twin_temple,
          serial_shops, shop, shop, nicolae_shop_waterfront, shop, uniq_margery
Vaults:5: serial_shops
Depths:1: layout_gridlike, glass_columns_a, serial_shops, nicolae_shop_crystal,
          pf_coc_iceberg, lemuel_flamethrower_3
Depths:2: minmay_skeleton_keep, layout_gridlike, hell_entry, special_room
          [special_room_jelly], grunt_ministairs_14, kennysheep_generic_room_7,
          infiniplex_staircase_zigzag_5
Depths:3: minmay_concentric_multi, layout_long_grid, serial_sigils,
          serial_sigils_hangedman_scar, serial_sigils_hangedman_etch,
          serial_sigils_hangedman_scratch, serial_sigils_hangedman_quiver,
          grunt_pan_entry_spiral, hell_entry, minmay_staircase_statues,
          uniq_mennas
Depths:4: minmay_the_grid_triangle_9x9_rhombus_full_mashed
          [minmay_the_grid_triangle_9x9_swiss_cheese,
          minmay_the_grid_triangle_9x9_sprig,
          minmay_the_grid_triangle_9x9_skeleton,
          minmay_the_grid_triangle_9x9_zippers_vertical,
          minmay_the_grid_triangle_9x9_alien,
          minmay_the_grid_triangle_9x9_cache,
          minmay_the_grid_triangle_9x9_warning,
          minmay_the_grid_triangle_9x9_prize_insulated], layout_gridlike,
          enter_ziggurat_f, hell_entry, abyss_entry, serial_bayou_shore_b,
          infiniplex_staircase_spiral_double
Depths:5: lemuel_castle_with_subvaults [lemuel_castle_interior_carwin_3],
          layout_long_grid, grunt_hell_horde, serial_shops, shop,
          infiniplex_staircase_pool_lava

Skill      XL: |  1  2  3  4  5  6  7  8  9 10 11 12 13 14 15 16 17 18 19 20 21 22 23 24 25 26 |
---------------+-------------------------------------------------------------------------------+-----
Unarmed Combat | 3 4 5 7 8 11 12 13 14 15 16 17 18 19 20 21 22 24 25 | 25.8
Dodging        | 3 5 7 8 9 10 11 12 13 14 15 16 17 | 17.0
Fighting       | 5 7 8 10 11 13 14 15 16 17 | 17.4
Armour         | 5 7 8 10 11 12 13 14 15 16 17 18 | 18.6
Shields        | 5 7 8 10 11 13 14 15 16 18 19 20 22 23 | 23.4
Invocations    | 3 7 9 10 12 13 14 15 16 17 18 19 20 21 22 | 22.1
Spellcasting   | 2 5 6 |  6.5
Hexes          | 2 |  2.1
Translocations | 3 6 7 9 |  9.1

Action                   |  1- 3 |  4- 6 |  7- 9 | 10-12 | 13-15 | 16-18 | 19-21 | 22-24 | 25-27 || total
-------------------------+-------+-------+-------+-------+-------+-------+-------+-------+-------++-------
Melee: Unarmed           |    94 |   248 |   371 |   565 |  1075 |  1345 |  1845 |  1614 |   926 ||  8083
       Headbutt          |    11 |    39 |    62 |   194 |   397 |   533 |   545 |   596 |   350 ||  2727
Throw: Dart              |       |       |       |    27 |       |       |    11 |       |       ||    38
Invok: Upheaval          |       |       |       |     3 |    10 |    12 |    31 |     2 |     6 ||    64
       Elemental Force   |       |       |       |     2 |       |       |       |     1 |       ||     3
       Disaster Area     |       |       |       |       |     1 |     1 |     1 |    10 |     6 ||    19
Evoke: Wand              |       |       |     2 |     2 |       |       |       |       |     1 ||     5
  Use: Scroll            |       |     5 |     6 |     6 |     7 |     2 |    10 |     9 |    14 ||    59
       Potion            |       |       |     1 |     7 |       |       |       |       |     2 ||    10
 Stab: Held in net/web   |       |       |       |       |       |     2 |       |       |       ||     2
Armor: Scale mail        |    47 |    42 |    70 |       |       |       |       |       |       ||   159
       Plate armour      |       |       |     7 |   188 |   222 |   346 |       |    93 |    35 ||   891
       Leather armour    |       |       |     6 |       |       |       |       |       |       ||     6
       Chain mail        |       |       |       |       |       |       |   713 |   204 |       ||   917
       Gold dragon scale |       |       |       |       |       |       |       |       |   295 ||   295
Dodge: Dodged            |    32 |    58 |   149 |   212 |   295 |   446 |  1022 |   488 |   251 ||  2953
       Repelled          |       |       |       |       |     4 |    13 |    22 |    10 |    21 ||    70
Block: Kite shield       |    49 |    86 |   189 |   421 |   945 |  1241 |  2028 |   111 |       ||  5070
       Tower shield      |       |       |       |       |       |       |       |  1525 |  1050 ||  2575

Table legend: (Time is in decaauts)
 A = Elapsed time spent in this place.
 B = Non-inter-level travel time spent in this place.
 C = Inter-level travel time spent in this place.
 D = Time resting spent in this place.
 E = Time spent auto-exploring this place.
 F = Levels seen in this place.
 G = Mean time per level.
                   A        B        C        D        E       F      G
               +--------+--------+--------+--------+--------+-----+--------+
         Total |  67297 |  60765 |   6532 |  14521 |  32881 |  56 | 1201.7 |
       Dungeon |  19596 |  16394 |   3202 |   3091 |  10163 |  15 | 1306.4 |
        Temple |    213 |    188 |     25 |      0 |    188 |   1 |  213.0 |
          Lair |   6504 |   5870 |    634 |    409 |   4476 |   6 | 1084.0 |
         Swamp |   4105 |   3826 |    279 |   1062 |   1907 |   4 | 1026.2 |
   Spider Nest |   5591 |   5272 |    319 |   1718 |   2209 |   4 | 1397.8 |
    Slime Pits |   3734 |   3663 |     71 |   1768 |   1337 |   5 |  746.8 |
  Orcish Mines |   1763 |   1557 |    206 |    229 |   1004 |   2 |  881.5 |
   Elven Halls |   5596 |   5451 |    145 |   2781 |   1482 |   3 | 1865.3 |
        Vaults |   8252 |   7666 |    586 |   1198 |   4604 |   5 | 1650.4 |
        Depths |   9665 |   8604 |   1061 |   1702 |   4777 |   5 | 1933.0 |
         Abyss |    147 |    147 |      0 |      0 |      3 |   1 |  147.0 |
        Bazaar |    121 |    121 |      0 |      0 |     41 |   1 |  121.0 |
       Ossuary |    451 |    451 |      0 |      0 |    297 |   1 |  451.0 |
        Bailey |    857 |    857 |      0 |    304 |    205 |   1 |  857.0 |
    Desolation |     53 |     53 |      0 |      0 |      0 |   1 |   53.0 |
      Gauntlet |    641 |    641 |      0 |    259 |    186 |   1 |  641.0 |
               +--------+--------+--------+--------+--------+-----+--------+

Top non-repeatable levels by time:
   Elf:2: 3443 daAuts
Depths:2: 3128 daAuts
     D:4: 2564 daAuts
Vaults:4: 2396 daAuts
Depths:1: 2241 daAuts
Vaults:1: 1907 daAuts
     D:5: 1729 daAuts
  Lair:6: 1572 daAuts
     D:9: 1561 daAuts
Spider:3: 1522 daAuts
Spider:1: 1499 daAuts
 Swamp:3: 1493 daAuts
Depths:5: 1487 daAuts
Depths:3: 1462 daAuts
Vaults:3: 1457 daAuts
